 Dungeon Crawl Stone Soup version 0.27-a0-1438-g9b7c6745da (webtiles) character file.

Game seed: 17060315781341883848

147 AarnesTheHuman the Shield-Bearer (level 5, -7/42 HPs)
             Began as a Formicid Fighter on July 4, 2021.
             Succumbed to Ijyb's poison
             ... on level 3 of the Dungeon.
             The game lasted 00:03:00 (2518 turns).

AarnesTheHuman the Shield-Bearer (Formicid Fighter) Turns: 2518, Time: 00:03:01

Health: -7/42      AC:  9    Str: 21    XL:     5   Next: 55%
Magic:  5/5        EV:  8    Int:  8    God:
Gold:   35         SH: 10    Dex: 10    Spells: 4/4 levels left

rFire    . . .     SeeInvis +   a - +0 quarterstaff
rCold    . . .     Faith    .   c - +0 kite shield
rNeg     . . .     Spirit   .   o - +2 scale mail {Will+}
rPois    .         Reflect  .   (helmet unavailable)
rElec    .         Harm     .   (no cloak)
rCorr    .         Rampage  .   (no gloves)
Will     +....                  (no boots)
Stlth    ..........             (no amulet)
HPRegen  0.14/turn              (no ring)
MPRegen  0.09/turn              (no ring)

@: lethally poisoned (-7 -> -36)
A: permanent stasis, dig shafts and tunnels, antennae 3, four strong arms
a: Dig, Shaft Self


You were on level 3 of the Dungeon.
You visited 1 branch of the dungeon, and saw 3 of its levels.

You collected 35 gold pieces.

Inventory:

Hand Weapons
 a - a +0 quarterstaff (weapon)
Armour
 c - a +0 kite shield (worn)
 o - a +2 scale mail of willpower (worn)
Wands
 j - a wand of polymorph (10)
 m - a wand of flame (8)
Scrolls
 f - a scroll of identify {unknown}
 i - a scroll of silence {unknown}
 k - 2 scrolls of enchant weapon {unknown}
 l - a scroll of vulnerability {unknown}
Potions
 d - a potion of might
 e - a potion of heal wounds {unknown}
 g - 2 potions of haste {unknown}
 h - a potion of magic {unknown}
 n - a potion of curing {unknown}


   Skills:
 + Level 4.2 Fighting
 - Level 2.0 Staves
 + Level 4.2 Armour
 * Level 5.5 Shields


You had 4 spell levels left.
You didn't know any spells.
Your spell library contained the following spells:

 Spells                   Type           Power      Damage    Failure   Level
 Magic Dart               Conj           0%         1d3       94%         1
 Call Imp                 Summ           0%         N/A       98%         2
 Mephitic Cloud           Conj/Pois/Air  0%         N/A       100%        3


Dungeon Overview and Level Annotations

Branches:
Dungeon (3/15)

Altars:
Wu Jian

Annotations:
D:3 Ijyb


Innate Abilities, Weirdness & Mutations

You cannot be hasted, slowed, berserked, paralysed or teleported.
You can dig through walls and to a lower floor.
You have a pair of large antennae on your head. (SInv)
Your four strong arms can wield two-handed weapons with a shield.


Message History

You feel very sick.
The goblin shoots a stone.
The stone hits you but does no damage. You block Ijyb's attack.
You thump Ijyb!
Ijyb is moderately wounded.
You feel very sick.
The goblin shoots a stone.
You block the stone.
An endoplasm comes into view.
Ijyb hits you with a +2 dagger of venom.
You are more poisoned.
The rat bites you but does no damage.
The endoplasm quivers.
You hit Ijyb.
Ijyb is moderately wounded.
You feel very sick.
Ijyb hits you with a +2 dagger of venom.
You are lethally poisoned!
The rat closely misses you.
The goblin unwields a +0 hunting sling.
The goblin wields a +0 club.
You block the goblin's attack.
You closely miss Ijyb.
Ijyb is moderately wounded.
* * * LOW HITPOINT WARNING * * *
You feel extremely sick. You block Ijyb's attack. You block the rat's attack.
The goblin hits you with a +0 club.
* * * LOW HITPOINT WARNING * * *
Ijyb hits you but does no damage.
You are more poisoned.
You sock Ijyb!
Ijyb is heavily wounded.
* * * LOW HITPOINT WARNING * * *
You feel extremely sick. You block the rat's attack.
The goblin hits you with a +0 club.
* * * LOW HITPOINT WARNING * * *
Ijyb hits you but does no damage.
You are more poisoned.
You block the rat's attack.
You hit Ijyb but do no damage.
Ijyb is heavily wounded.
You die...

#........_).#
#.........)<#
##.###.#..).#
#.##...#
#..#####
##.#####
#.....#
######..#
#..g@...#
#.....rg..#
#.........#
#......J...#
#..........#
#......$....
#..........##
{
#..........#


You could see Ijyb, an endoplasm, a goblin and a rat.

Vanquished Creatures
  An orc wizard (D:3)
  Terence (D:2)
  Robin (D:2)
  2 adders
  A worm (D:2)
  A dart slug (D:2)
  3 orcs (D:3)
  3 endoplasms
  A giant cockroach (D:1)
  11 goblins
  8 hobgoblins
  2 jackals (D:2)
  4 kobolds
  3 quokkas
  6 ball pythons
  4 bats
  2 frilled lizards (D:2)
  5 rats
59 creatures vanquished.

Notes
Turn   | Place    | Note
-------+----------+-------------------------------------------
     0 | D:1      | AarnesTheHuman the Formicid Fighter began the quest for the
                  | Orb.
     0 | D:1      | Reached XP level 1. HP: 18/18 MP: 1/1
   330 | D:1      | Reached XP level 2. HP: 24/24 MP: 2/2
   378 | D:1      | Reached skill level 4 in Shields
  1105 | D:2      | Reached XP level 3. HP: 29/29 MP: 3/3
  1140 | D:2      | Noticed Robin
  1184 | D:2      | Killed Robin
  1185 | D:2      | Reached XP level 4. HP: 33/37 MP: 4/4
  1852 | D:2      | Noticed Terence
  1861 | D:2      | Killed Terence
  1862 | D:2      | Reached skill level 5 in Shields
  2154 | D:2      | Reached XP level 5. HP: 38/42 MP: 5/5
  2340 | D:2      | Found a faded altar of an unknown god.
  2401 | D:3      | Found an ornate altar of the Wu Jian Council.
  2505 | D:3      | Noticed Ijyb
  2517 | D:3      | HP: 1/42 [goblin (2)]
  2518 | D:3      | Succumbed to Ijyb's poison

Illustrated notes

Levels and vault maps discovered:
D:1:      roderic_crossed_star, layout_basic, roderic_roman_lattice
D:2:      layout_basic, shapermc_ecumenical_altar_starsandcircs, corexii_shack,
          uniq_robin, uniq_terence
D:3:      layout_rooms, jmf_multi_god_temple2, overflow_temple_1_default,
          uniq_crazy_yiuf_cottage, uniq_sigmund, uniq_ijyb

Skill      XL: |  1  2  3  4 |
---------------+-------------+-----
Shields        | 4 5 |  5.5
Fighting       | 4 |  4.2
Armour         | 4 |  4.2
Staves         | |  2.0

Action                   |  1- 3 |  4- 6 || total
-------------------------+-------+-------++-------
Melee: Quarterstaff      |    88 |    92 ||   180
 Abil: Dig               |     3 |       ||     3
Armor: Scale mail        |    25 |    38 ||    63
Dodge: Dodged            |    35 |    29 ||    64
Block: Kite shield       |    45 |    57 ||   102

Table legend: (Time is in decaauts)
 A = Elapsed time spent in this place.
 B = Non-inter-level travel time spent in this place.
 C = Inter-level travel time spent in this place.
 D = Time resting spent in this place.
 E = Time spent auto-exploring this place.
 F = Levels seen in this place.
 G = Mean time per level.
                   A        B        C        D        E       F      G
               +--------+--------+--------+--------+--------+-----+--------+
         Total |   2582 |   2560 |     22 |    586 |   1556 |   3 |  860.7 |
       Dungeon |   2582 |   2560 |     22 |    586 |   1556 |   3 |  860.7 |
               +--------+--------+--------+--------+--------+-----+--------+

Top non-repeatable levels by time:
     D:2: 1245 daAuts
     D:1: 1212 daAuts
     D:3: 124 daAuts
